 Dungeon Crawl Stone Soup version 0.22-a0-159-g7ce444f (webtiles) character file.

535 shakethe the Conjurer (level 7, -1/36 HPs)
             Began as a Tengu Fire Elementalist on Feb 9, 2018.
             Shot with an arrow by a centaur (6 damage)
             ... on level 5 of the Dungeon.
             The game lasted 00:17:43 (3979 turns).

shakethe the Conjurer (Tengu Fire Elementalist)     Turns: 3979, Time: 00:17:44

Health: -1/36      AC:  2    Str:  8    XL:     7   Next: 25%
Magic:  27/27      EV: 12    Int: 18    God:
Gold:   199        SH:  3    Dex: 14    Spells: 4/12 levels left

rFire    . . .     SeeInvis .   r - staff of power
rCold    . . .     Gourm    .   (no shield)
rNeg     . . .     Faith    .   a - +0 robe
rPois    .         Spirit   .   (helmet restricted)
rElec    .         Reflect  +   (no cloak)
rCorr    .         Harm     .   (no gloves)
MR       .....                  (boots unavailable)
Stlth    ++........             q - +3 amulet of reflection
HPRegen  0.12/turn              (no ring)
MPRegen  0.20/turn              (no ring)

@: no status effects
A: beak, talons 3, able to fly 1
a: Fly


You were on level 5 of the Dungeon.
You were very hungry.

You visited 1 branch of the dungeon, and saw 5 of its levels.

You collected 199 gold pieces.

Inventory:

Hand Weapons
 h - a +1 dagger
Armour
 a - a +0 robe (worn)
Magical Staves
 r - an uncursed staff of power (weapon)
Jewellery
 q - a +3 amulet of reflection (around neck)
Wands
 u - a wand of digging (13)
Scrolls
 d - 2 scrolls of enchant weapon
 i - 2 scrolls of teleportation {unknown}
 j - 2 scrolls of enchant armour {unknown}
 k - 4 scrolls of identify {unknown}
 l - a scroll of blinking {unknown}
 m - a scroll of remove curse {unknown}
 p - a scroll of magic mapping {unknown}
Potions
 e - 3 potions of flight {unknown}
 f - 3 potions of curing {unknown}
 g - a potion of brilliance {unknown}
 n - a potion of might {unknown}
 s - a potion of heal wounds {unknown}
 t - a potion of agility {unknown}
Books
 b - a book of Flames

   Spells                             Type                      Level
   a - Flame Tongue                   Conjuration/Fire             1
   b - Throw Flame                    Conjuration/Fire             2
   c - Conjure Flame                  Conjuration/Fire             3
   d - Inner Flame                    Hexes/Fire                   3
   e - Sticky Flame                   Conjuration/Fire             4
   f - Fireball                       Conjuration/Fire             5
Comestibles
 c - 11 rations


   Skills:
 - Level 2.1 Dodging
 - Level 2.0 Stealth
 * Level 3.1 Spellcasting
 + Level 6.5 Conjurations
 + Level 6.3 Fire Magic


You had 4 spell levels left.
You knew the following spells:

 Your Spells              Type           Power        Failure   Level  Hunger
a - Flame Tongue          Conj/Fire      ####.        1%          1    None
b - Conjure Flame         Conj/Fire      ####....     3%          3    ###....
c - Sticky Flame          Conj/Fire      ####....     12%         4    ####...


Dungeon Overview and Level Annotations

Branches:
Dungeon (5/15)
 Temple: D:4-7

Altars:

Shops:
D:5 ?

Annotations:
D:2 Sigmund


Innate Abilities, Weirdness & Mutations

You have a beak for a mouth.
You have claws for feet.
You can fly.


Message History

The centaur shoots an arrow.
The arrow hits you.
You see here 2 arrows.
The centaur shoots an arrow.
The arrow hits you.
The centaur shoots an arrow.
The arrow hits you.
You see here 2 arrows.
The centaur shoots an arrow.
The arrow hits you!
* * * LOW HITPOINT WARNING * * *
You see here an arrow.
The centaur shoots an arrow.
The arrow hits you.
* * * LOW HITPOINT WARNING * * *
You see here an arrow.
Okay, then.
As you read the scroll labeled DARIENG HEATOU, it crumbles to dust.
It is a scroll of enchant weapon.
Your +0 dagger glows red for a moment.
Casting: Sticky Flame (safe; 12% risk of failure)
Confirm with . or Enter, or press ? or * to list all spells.
You can't see any susceptible monsters within range! (Use Z to cast anyway.)
The centaur shoots an arrow.
The arrow hits you.
You die...

#. ### #.#....
..... #...#
##.#.## #8.8.8#
# #.⌠.⌠.# .#
#8.∩.8##.#.
#@⌠.⌠......
#8(8.8....#
###........#
#((.........
####(#.........
#...(.c######..
#....<...# ..
#.[........#
#.....?....#


You could see a centaur.

Vanquished Creatures
  An ogre (D:4)
  2 howler monkeys (D:4)
  2 hounds (D:4)
  2 bullfrog skeletons (D:4)
  Jessica (D:2)
  Terence (D:2)
  An orc wizard (D:3)
  8 adders
  An adder skeleton (D:4)
  A worm (D:2)
  3 leopard geckos (D:3)
  5 orcs
  8 bats
  10 giant cockroaches
  9 goblins
  9 hobgoblins
  6 quokkas
  2 ball pythons
  6 frilled lizards
  9 kobolds
  9 rats
96 creatures vanquished.

Notes
Turn   | Place    | Note
-------+----------+-------------------------------------------
     0 | D:1      | shakethe the Tengu Fire Elementalist began the quest for the Orb.
     0 | D:1      | Reached XP level 1. HP: 10/10 MP: 4/4
   134 | D:1      | Reached XP level 2. HP: 15/15 MP: 1/6
   800 | D:1      | Reached XP level 3. HP: 19/19 MP: 3/7
  1508 | D:2      | Reached XP level 4. HP: 24/24 MP: 4/8
  1526 | D:2      | Noticed Jessica
  1532 | D:2      | Killed Jessica
  1557 | D:2      | Learned a level 3 spell: Conjure Flame
  1741 | D:2      | Noticed Terence
  1745 | D:2      | Killed Terence
  1821 | D:2      | Noticed Sigmund
  1880 | D:3      | Gained mutation: You can fly. [Tengu growth]
  1880 | D:3      | Reached XP level 5. HP: 28/28 MP: 9/9
  1890 | D:3      | Learned a level 4 spell: Sticky Flame
  2022 | D:3      | Reached skill level 5 in Fire Magic
  2111 | D:3      | Reached skill level 5 in Conjurations
  2675 | D:4      | Reached XP level 6. HP: 32/32 MP: 10/10
  3173 | D:4      | Reached XP level 7. HP: 28/36 MP: 12/12
  3948 | D:5      | Entered Level 5 of the Dungeon
  3948 | D:5      | Found Buvolul's Magic Scroll Shoppe.
  3979 | D:5      | Shot with an arrow by a centaur

Vault maps used:
D:1:      lightli_arrival_lavapool
D:2:      grunt_temple_overflow_diamond, uniq_sigmund, uniq_terence,
          uniq_jessica
D:5:      black_bear_nest_1, elyvilon_altar_1, serial_shops,
          nicolae_shop_temple_entry_statues_fountains, first_ration,
          minmay_shop_grid_forest, minmay_a_box_with_orc_wizards_in_it

Skill      XL: |  1  2  3  4  5  6  7 |
---------------+----------------------+-----
Conjurations   | 2 3 4 5 6 |  6.5
Fire Magic     | 4 5 6 |  6.3
Spellcasting   | 3 |  3.1
Dodging        | |  2.1
Stealth        | |  2.0

Action                   |  1- 3 |  4- 6 |  7- 9 || total
-------------------------+-------+-------+-------++-------
Melee: Unarmed           |     6 |       |       ||     6
       Peck              |     3 |     1 |       ||     4
       Dagger            |     7 |       |       ||     7
       Kick              |     2 |     1 |       ||     3
       Staff             |       |     3 |       ||     3
 Cast: Flame Tongue      |    70 |    81 |     4 ||   155
       Sticky Flame      |       |     6 |     5 ||    11
  Use: Scroll            |       |       |     1 ||     1
  Eat: Chunk             |     3 |     8 |     2 ||    13
Armor: Robe              |    14 |     6 |     1 ||    21
Dodge: Dodged            |    22 |    23 |     8 ||    53
Block: Other             |       |     5 |     2 ||     7

Table legend:
 A = Spawn XP
 B = Non-spawn XP
 C = Spawn XP percentage of total XP
 D = Spawn monster count
 E = Non-spawn monster count
 F = Spawn count percentage of total count
 G = Total turns spent on level
                    A         B        C        D         E        F      G
               +---------+---------+-------+---------+---------+-------+---------
         Total |       0 |     765 |   0.0 |       0 |      96 |   0.0 |  3979
               +---------+---------+-------+---------+---------+-------+---------
           D:1 |       0 |      44 |   0.0 |       0 |      29 |   0.0 |  1310
           D:2 |       0 |     136 |   0.0 |       0 |      18 |   0.0 |   689
           D:3 |       0 |     124 |   0.0 |       0 |      33 |   0.0 |   669
           D:4 |       0 |     461 |   0.0 |       0 |      16 |   0.0 |  1280
               +---------+---------+-------+---------+---------+-------+---------
